Map: Orbital Shipyard

Players

MCanning

  • Race: Protoss Protoss
  • League: Grandmaster

PracticeX - Winner!

  • Race: Terran Terran
  • League: Grandmaster

VOD

Have the link to the VOD?

Description

Time

  • Played on: Dec. 4, 2015, 1:34 a.m.
  • Length: 15:36
Show
View Real Time Build Order
Export as new Build Order

MCanning Protoss 

Build Orders: 1 Gate Expand, Blink Stalkers, Colossus Rush 

Get SALT Encoding   

  12  0:02  Probe (Chrono Boost)  
  13  0:13  Probe (Chrono Boost)  
  14  0:19  Pylon  
  14  0:23  Probe (Chrono Boost)  
  15  0:38  Probe (Chrono Boost)  
  15  0:40  Gateway  
  16  0:48  Probe (Chrono Boost)  
  17  0:50  Assimilator  
  17  0:59  Probe (Chrono Boost)  
  18  1:09  Probe (Chrono Boost)  
  19  1:21  Nexus  
  19  1:27  Probe (Chrono Boost)  
  20  1:38  Probe (Chrono Boost)  
  21  1:42  Cybernetics Core  
  21  1:48  Probe (Chrono Boost), Assimilator  
  22  1:57  Pylon  
  22  1:59  Probe (Chrono Boost)  
  24  2:20  Mothership Core (Chrono Boost), Adept  
  26  2:27  Warp Gate  
  26  2:36  Probe (Chrono Boost)  
  27  2:38  Probe (Chrono Boost)  
  28  2:46  Probe (Chrono Boost)  
  28  2:49  Probe (Chrono Boost)  
  30  2:54  Twilight Council  
  30  2:57  Probe (Chrono Boost)  
  30  2:58  Stalker  
  33  3:00  Probe (Chrono Boost)  
  34  3:07  Probe (Chrono Boost)  
  34  3:10  Probe (Chrono Boost)  
  36  3:16  Gateway  
  36  3:17  Gateway  
  36  3:18  Probe (Chrono Boost)  
  37  3:21  Probe (Chrono Boost)  
  38  3:28  Probe (Chrono Boost)  
  38  3:33  Probe (Chrono Boost)  
  40  3:34  Pylon  
  40  3:36  Blink  
  40  3:41  Probe (Chrono Boost)  
  41  3:45  Robotics Facility  
  41  3:48  Pylon  
  41  3:50  Probe (Chrono Boost)  
  41  3:52  Probe (Chrono Boost)  
  43  4:00  Probe (Chrono Boost)  
  44  4:03  Probe (Chrono Boost), Assimilator  
  44  4:09  Assimilator  
  45  4:11  Probe (Chrono Boost)  
  45  4:13  Probe (Chrono Boost)  
  45  4:15  Pylon  
  47  4:21  Probe (Chrono Boost)  
  47  4:23  Pylon  
  49  4:24  Probe (Chrono Boost)  
  49  4:31  Stalker x3  
  49  4:33  Observer (Chrono Boost)  
  49  4:38  Probe  
  57  4:50  Gateway  
  57  4:51  Gateway  
  57  4:52  Probe  
  58  4:56  Pylon  
  58  4:58  Observer (Chrono Boost)  
  59  5:04  Robotics Bay  
  59  5:10  Forge  
  59  5:16  Forge  
  59  5:18  Probe, Pylon  
  59  5:20  Observer (Chrono Boost)  
  61  5:24  Stalker x2  
  61  5:27  Stalker  
  67  5:32  Pylon  
  67  5:37  Probe  
  68  5:49  Probe  
  69  5:53  Nexus  
  69  5:54  Pylon  
  69  5:57  Pylon  
  69  5:59  Colossus (Chrono Boost)  
  75  6:06  Extended Thermal Lance (Chrono Boost)  
  75  6:13  Photon Cannon  
  75  6:17  Protoss Ground Weapons Level 1 (Chrono Boost)  
  75  6:23  Stalker x2  
  79  6:27  Protoss Ground Armor Level 1 (Chrono Boost)  
  79  6:34  Probe  
  79  6:37  Probe  
  81  6:44  Gateway  
  81  6:45  Gateway  
  81  6:46  Probe  
  82  6:48  Probe, Pylon  
  83  6:58  Probe x2  
  83  7:01  Adept x4  
  93  7:10  Probe  
  93  7:11  Colossus (Chrono Boost)  
  100  7:19  Probe  
  101  7:23  Probe  
  101  7:25  Stalker x3  
  106  7:37  Probe  
  101  7:44  Adept x2  
  101  7:50  Adept x3  
  95  7:57  Disruptor (Chrono Boost)  
  94  8:02  Adept  
  94  8:03  Adept, Pylon  
  94  8:05  Adept x2  
  102  8:09  Pylon  
  102  8:11  Adept x3  
  108  8:17  Probe  
  108  8:19  Resonating Glaives  
  109  8:25  Probe  
  109  8:26  Assimilator  
  110  8:33  Assimilator  
  113  8:34  Disruptor (Chrono Boost)  
  113  8:38  Adept x2  
  113  8:39  Stalker x2, Adept  
  113  8:40  Stalker  
  125  8:42  Probe  
  125  8:44  Probe  
  127  8:50  Photon Cannon  
  127  8:53  Photon Cannon  
  127  8:54  Pylon  
  127  9:00  Protoss Ground Armor Level 2  
  127  9:01  Probe  
  128  9:05  Adept x6  
  140  9:24  Protoss Ground Weapons Level 2  
  140  9:30  Nexus  
  140  9:33  Probe  
  140  9:36  Pylon  
  140  9:37  Pylon  
  139  9:39  Stalker x2  
  139  9:40  Stalker  
  139  9:45  Disruptor (Chrono Boost)  
  148  9:47  Adept x2  
  148  9:49  Probe  
  148  9:51  Probe  
  154  9:54  Stalker  
  154  9:55  Probe  
  157  10:00  Adept  
  157  10:05  Probe  
  160  10:13  Stalker x3  
  166  10:15  Probe, Disruptor (Chrono Boost), Pylon  
  166  10:18  Probe  
  169  10:24  Dark Shrine, Assimilator  
  169  10:28  Assimilator  
  169  10:29  Stalker  
  171  10:37  Adept x3  
  177  10:49  Robotics Facility  
  177  10:50  Probe, Adept  
  177  10:51  Probe x2, Adept x2  
  182  10:58  Disruptor (Chrono Boost)  
  185  11:10  Stalker, Adept x2  
  185  11:11  Stalker x3  
  193  11:15  Probe  
  189  11:21  Pylon  
  189  11:30  Protoss Ground Weapons Level 3, Protoss Ground Armor Level 3  
  189  11:36  Photon Cannon  
  189  11:39  Pylon, Photon Cannon  
  189  11:41  Pylon  
  189  11:55  Probe x2  
  189  11:56  Probe  
  189  11:57  Probe  
  189  11:58  Observer (Chrono Boost)  
  186  12:08  Stalker x5, Probe  
  189  12:14  Pylon  
  181  12:35  Pylon x2  
  180  12:37  Pylon  
  176  12:45  Probe  
  163  12:57  Stalker  
  163  12:58  Stalker x6  
  95  13:20  Dark Templar  
  95  13:23  Dark Templar  
  98  13:27  Probe  
  98  13:28  Nexus  
  98  13:30  Pylon  
  98  13:31  Pylon  
  98  13:32  Probe  
  100  13:34  Adept  
  100  13:40  Probe  
  103  13:47  Adept x2  
  97  13:58  Probe  
  94  14:08  Robotics Bay  
  92  14:10  Probe  
  92  14:11  Dark Templar  
  92  14:12  Dark Templar  
  97  14:26  Archon  
  97  14:27  Probe x2  
  97  14:36  Probe  
  92  14:40  Stalker x3  
  94  14:47  Probe  
  95  14:54  Adept x3  
  101  15:00  Assimilator  
  101  15:02  Assimilator  
  101  15:04  Disruptor (Chrono Boost)  
  86  15:32  Nexus  
Show
View Real Time Build Order
Export as new Build Order

PracticeX Terran - Winner!

Build Orders: Reaper Expand, Bio Tank, MMM Bio 

Get SALT Encoding   

  12  0:01  SCV  
  13  0:13  SCV  
  14  0:18  Supply Depot  
  14  0:25  SCV  
  15  0:39  SCV  
  16  0:42  Barracks  
  16  0:45  Refinery  
  16  0:51  SCV  
  17  1:04  SCV  
  18  1:16  SCV  
  19  1:31  Reaper, Orbital Command  
  20  1:44  Command Center  
  20  1:56  Supply Depot  
  20  1:58  SCV  
  21  2:04  Barracks Reactor  
  21  2:13  Barracks  
  21  2:21  Barracks  
  21  2:23  SCV  
  21  2:26  Refinery  
  22  2:35  SCV, Bunker  
  23  2:40  Marine x2  
  25  2:49  SCV  
  26  2:57  Orbital Command  
  26  2:58  Marine x2  
  26  3:02  SCV  
  26  3:05  Barracks Tech Lab  
  29  3:07  Marine  
  30  3:14  SCV  
  30  3:16  Marine x2  
  33  3:25  Stimpack  
  33  3:26  SCV  
  34  3:32  SCV  
  34  3:35  Factory  
  34  3:38  SCV, Refinery  
  35  3:44  Engineering Bay  
  35  3:45  Barracks Reactor  
  35  3:49  Marauder  
  35  3:51  SCV  
  35  3:52  SCV  
  39  3:58  Marine  
  39  3:59  Marine  
  41  4:03  SCV  
  41  4:04  SCV  
  43  4:10  Supply Depot  
  43  4:11  Marine  
  43  4:14  Terran Infantry Weapons Level 1  
  43  4:15  SCV  
  45  4:18  SCV  
  45  4:21  Starport  
  45  4:22  Factory Reactor  
  46  4:29  Supply Depot  
  46  4:32  SCV  
  46  4:35  Supply Depot, Marauder, Marine  
  50  4:39  SCV  
  50  4:43  Marine  
  50  4:44  SCV  
  53  4:51  SCV  
  54  4:52  Barracks  
  54  4:55  Barracks  
  54  4:56  SCV  
  55  5:03  SCV  
  55  5:06  Supply Depot  
  56  5:07  Medivac x2  
  56  5:08  SCV  
  56  5:09  Factory Tech Lab  
  61  5:14  Supply Depot  
  61  5:15  SCV  
  61  5:16  Marine  
  63  5:25  Combat Shields, Missile Turret  
  63  5:30  Siege Tank  
  63  5:31  Missile Turret  
  66  5:37  Viking  
  66  5:38  Marauder  
  70  5:43  Barracks Tech Lab x2  
  70  5:46  Marine x4  
  74  5:55  Missile Turret  
  74  5:58  Refinery  
  74  5:59  Marine  
  74  6:02  Supply Depot  
  74  6:03  Marine, Medivac  
  78  6:07  Marauder, Marine  
  78  6:09  Terran Infantry Armor Level 1  
  81  6:21  Command Center  
  81  6:23  Siege Tank  
  84  6:27  SCV  
  84  6:31  Supply Depot, Marine x3  
  88  6:41  Armory  
  88  6:44  SCV, Engineering Bay  
  89  6:51  Supply Depot, Medivac  
  91  7:01  Marauder, Marine  
  93  7:04  Siege Tank  
  93  7:06  SCV  
  98  7:09  Liberator  
  98  7:10  Supply Depot  
  98  7:16  Missile Turret  
  98  7:22  Missile Turret  
  98  7:25  SCV  
  102  7:35  Marine  
  103  7:43  Liberator  
  101  7:50  Marauder, Marine  
  93  7:52  Liberator  
  93  7:59  Marine  
  93  8:00  Marauder  
  93  8:01  Orbital Command  
  93  8:02  Terran Infantry Weapons Level 2  
  93  8:03  SCV x2  
  101  8:12  Refinery  
  104  8:14  Refinery  
  104  8:15  SCV x2  
  106  8:26  Supply Depot, Terran Ship Weapons Level 1, Liberator  
  106  8:27  SCV x2  
  106  8:28  SCV  
  109  8:36  Supply Depot  
  109  8:39  SCV x2  
  109  8:40  SCV  
  109  8:41  Marauder, Marine  
  112  8:48  Supply Depot  
  118  8:49  Terran Infantry Armor Level 2  
  118  8:51  SCV x2  
  118  8:53  Supply Depot, Marine x2  
  122  8:55  Missile Turret  
  122  9:01  Siege Tank  
  125  9:03  SCV  
  127  9:10  SCV  
  127  9:13  Liberator  
  127  9:14  Command Center  
  127  9:15  Medivac  
  129  9:18  Marauder, Marine x3  
  129  9:22  SCV  
  135  9:28  Liberator  
  137  9:31  Marine x2  
  137  9:32  Marauder  
  137  9:36  Marine x3  
  143  9:43  Marine  
  147  9:48  Barracks  
  147  9:49  Supply Depot, Barracks  
  147  9:50  Marauder  
  147  9:52  Siege Tank  
  152  9:56  Liberator  
  152  10:04  Supply Depot, Marine  
  152  10:05  Marauder  
  148  10:16  Marauder, Marine x2  
  148  10:18  Liberator  
  152  10:24  Siege Tank  
  152  10:25  Terran Infantry Weapons Level 3  
  155  10:36  Barracks Tech Lab  
  155  10:37  Barracks Tech Lab, Marauder x2, Marine  
  163  10:44  Terran Ship Weapons Level 2  
  163  10:48  Missile Turret  
  157  10:56  Siege Tank  
  160  11:14  Marine x2  
  160  11:15  Planetary Fortress, Marauder x2  
  160  11:18  Marauder x2, Marine x3  
  162  11:28  Siege Tank  
  162  11:32  Marine x2  
  167  11:33  Medivac  
  167  11:35  Marine x2, Medivac  
  167  11:36  Marauder x2, Marine  
  167  11:39  Marine x2  
  180  11:47  Refinery  
  180  11:49  Refinery  
  180  11:50  Marine  
  181  12:00  Siege Tank, Marine x2  
  181  12:01  Marauder x2, Marine  
  191  12:03  Medivac  
  191  12:05  Medivac  
  189  12:09  Marine  
  189  12:10  Marauder  
  189  12:14  Supply Depot  
  192  12:33  Siege Tank  
  192  12:36  Medivac  
  197  12:43  Liberator  
  186  12:48  Liberator  
  183  12:51  Marine  
  183  12:52  Marauder x2, Marine  
  183  12:57  Marauder x2, Marine x3  
  148  13:09  Marine x2  
  153  13:13  Marauder x2  
  153  13:15  Marauder, Barracks, Marine x2  
  153  13:17  Barracks  
  153  13:18  Siege Tank  
  153  13:19  Marauder x2  
  153  13:36  Marine x2  
  153  13:37  Marauder x2  
  142  13:42  Medivac, Marine  
  142  13:43  Marauder x2, Marine  
  142  13:44  Marine  
  141  13:54  Marine x2  
  143  13:58  Marauder x2  
  143  14:00  Marine  
  143  14:01  Marine  
  143  14:02  Marauder  
  147  14:04  Marauder, Liberator  
  147  14:05  Missile Turret, Marauder  
  147  14:08  Liberator  
  148  14:11  Marine  
  148  14:12  Barracks Tech Lab  
  148  14:15  Marine  
  150  14:17  Missile Turret, Marine  
  150  14:20  Marauder x2  
  150  14:24  Marauder  
  141  14:40  Marine  
  141  14:41  Marauder  
  141  14:42  Marauder, Marine  
  141  14:44  Marauder  
  141  14:45  Barracks Tech Lab  
  149  14:48  Siege Tank  
  149  14:50  Marine  
  153  15:06  Marauder  
Tags
 
Add a new tag
Caveats
  • Supply blocks, unpowered buildings, or Contaminate may cause inaccurate times.
  • Supply counts are checked every 10 seconds.